 Dungeon Sprint DCSS version 0.27-a0-156-gbcd94eb011 (webtiles) character file.

Game seed: 3349621668453022588

9 mhtbhm the Insei (level 2, -2/18 HPs)
             Began as an Octopode Transmuter on Jan 28, 2021.
             Slain by a scorpion (9 damage)
             ... in the Dungeon (Sprint IX: "|||||||||||||||||||||||||||||").
             The game lasted 00:00:16 (29 turns).

mhtbhm the Insei (Octopode Transmuter)                Turns: 29, Time: 00:00:17

Health: -2/18      AC:  1    Str:  9    XL:     2   Next: 16%
Magic:  2/5        EV: 13    Int: 15    God:
Gold:   0          SH:  0    Dex: 12    Spells: 5/6 levels left

rFire    . . .     SeeInvis .     - Unarmed
rCold    . . .     Faith    .   (no shield)
rNeg     . . .     Spirit   .   (helmet currently unavailable)
rPois    .         Reflect  .   (no amulet)
rElec    .         Harm     .   (no ring)
rCorr    .         Rampage  .   (no ring)
Will     .....     NoTele   +   (no ring)
Stlth    ++........             (no ring)
HPRegen  0.06/turn              (no ring)
MPRegen  0.09/turn              (no ring)
                                (no ring)
                                (no ring)

@: appendages (expiring)
A: almost no armour, stealthy swim, amphibious, 8 rings, constrict 8, tentacle
spike 3, camouflage 1, gelatinous body 1
a: End Transformation


You were in the Dungeon.
One of your tentacles had a temporary spike.
You visited 1 branch

Inventory:

Scrolls
 g - a scroll of blinking
Potions
 c - a potion of heal wounds
 d - a potion of haste
 e - 2 potions of magic
 f - a potion of berserk rage


   Skills:
 + Level 1.0 Fighting
 + Level 2.5 Dodging
 + Level 4.2 Unarmed Combat
 + Level 2.5 Spellcasting
 + Level 2.4 Transmutations


You had 5 spell levels left.
You knew the following spells:

 Your Spells              Type           Power        Failure   Level
a - Beastly Appendage     Tmut           18%          8%          1

Your spell library contained the following spells:

 Spells                   Type           Power        Failure   Level
 Wereblood                Tmut           9%           12%         2
 Spider Form              Tmut/Pois      2%           36%         3
 Ice Form                 Ice/Tmut       5%           77%         4
 Blade Hands              Tmut           4%           91%         5


Dungeon Overview and Level Annotations

Branches:
Dungeon (1/1)

Altars:


Innate Abilities, Weirdness & Mutations

You cannot wear most types of armour.
You are very stealthy in the water. (Stealth+)
You are amphibious.
You can wear up to eight rings at the same time.
You can use your tentacles to constrict eight enemies at once.
Your skin changes colour to match your surroundings (Stealth+).
Your rubbery body absorbs attacks. (AC +1, EV +1)
One of your tentacles bears a large vicious spike.


Message History

The scorpion is moderately wounded.
You constrict the scorpion.
The scorpion stings you but does no damage.
You tentacle-slap the scorpion.
You pierce the scorpion.
The scorpion is heavily wounded.
Your transformation is almost over.
You constrict the scorpion. The scorpion stings you.
You are poisoned.
The scorpion poisons you!
Unknown command.
You tentacle-slap the scorpion but do no damage.
The scorpion is severely wounded.
You constrict the scorpion, but do no damage.
You feel sick. The scorpion stings you!
Ouch! That really hurt!
* * * LOW HITPOINT WARNING * * *
Unknown command.
You feel better.
You constrict the scorpion. The scorpion stings you!
Ouch! That really hurt!
You die...

▓.▓
▓.▓
▓)▓
▓)▓
▓.▓
▓.▓
▓.▓
▓.▓
▓@▓
▓s▓
▓c▓
▓r▓
▓O▓
▓.▓
▓+▓


You could see an ogre, a centaur, a scorpion and a quokka.

Vanquished Creatures
  An adder skeleton (D)
  A bat (D)
  A goblin (D)
  2 hobgoblins (D)
  A rat (D)
6 creatures vanquished.

Notes
Turn   | Place    | Note
-------+----------+-------------------------------------------
     0 | D        | mhtbhm the Octopode Transmuter began the quest for the Orb.
     0 | D        | Reached XP level 1. HP: 13/13 MP: 3/3
    15 | D        | Reached skill level 4 in Unarmed Combat
    21 | D        | Noticed a scorpion
    21 | D        | Noticed a centaur
    21 | D        | Noticed an ogre
    25 | D        | Reached XP level 2. HP: 13/18 MP: 2/5
    29 | D        | Slain by a scorpion

Illustrated notes

Levels and vault maps discovered:
D:        linesprint [early_d, line_temple, items_1, d_10, items_2, lair_1,
          lair_end, items_3, orc_1, orc_end, items_4, d_15, swamp_1, shoals_1,
          snake_1, spider_1, d_20, vaults_1, items_5, swamp_end, shoals_end,
          snake_end, spider_end, vaults_end, d_27, items_6, zot_1, zot_end,
          crypt_end, forest_end, elf_end, slime_end, tomb_end, abyss_end,
          pan_hell_end]

Skill      XL: |  1 |
---------------+----+-----
Unarmed Combat | 4 |  4.2
Fighting       | |  1.0
Dodging        | |  2.5
Spellcasting   | |  2.5
Transmutations | |  2.4

Action                   || total
-------------------------++-------
Melee: Unarmed           ||    15
       Kick              ||     7
       Constrict         ||     4
       Tentacles         ||     1
 Cast: Beastly Appendage ||     2
  Use: Potion            ||     1
Armor: Skin              ||     2
Dodge: Dodged            ||     6

Table legend: (Time is in decaauts)
 A = Elapsed time spent in this place.
 B = Non-inter-level travel time spent in this place.
 C = Inter-level travel time spent in this place.
 D = Time resting spent in this place.
 E = Time spent auto-exploring this place.
 F = Levels seen in this place.
 G = Mean time per level.
                   A        B        C        D        E       F      G
               +--------+--------+--------+--------+--------+-----+--------+
         Total |     28 |     28 |      0 |      0 |      0 |   1 |   28.0 |
       Dungeon |     28 |     28 |      0 |      0 |      0 |   1 |   28.0 |
               +--------+--------+--------+--------+--------+-----+--------+

Top non-repeatable levels by time:
       D: 28 daAuts
